 Dungeon Crawl Stone Soup version 0.30.1-11-g7821555f0a (webtiles) character file.

Game seed: 12562138058815810307

1148 Peloso the Slasher (level 8, -7/69 HPs)
             Began as a Minotaur Fighter on Jan 6, 2024.
             Killed by divine providence
             ... invoked by an orc priest
              (14 damage)
             ... on level 6 of the Dungeon.
             The game lasted 00:08:55 (6144 turns).

Peloso the Slasher (Minotaur Fighter)               Turns: 6144, Time: 00:08:56

Health: -7/69      AC: 11    Str: 22    XL:     8   Next: 15%
Magic:  7/7        EV:  8    Int:  5    God:
Gold:   226        SH: 11    Dex: 11    Spells: 7/7 levels left

rFire   . . .        a - +0 long sword
rCold   . . .        d - +2 kite shield
rNeg    + . .        x - +0 chain mail
rPois   .            (helmet restricted)
rElec   .            m - +0 cloak
rCorr   .            (no gloves)
SInv    .            (no boots)
Will    .....        (no amulet) Stlth
                     s - ring of positive energy
HPRegen 0.31/turn    (no ring)
MPRegen 0.10/turn

%: no passive effects
@: no status effects
A: horns 2, retaliatory headbutt
a: no special abilities


You were on level 6 of the Dungeon.
You visited 2 branches of the dungeon, and saw 7 of its levels.

You collected 226 gold pieces.

Inventory:

Hand Weapons
 a - a +0 long sword (weapon)
Armour
 b - a +0 scale mail
 c - a +0 buckler
 d - a +2 kite shield (worn)
 m - a +0 cloak (worn)
 x - a +0 chain mail (worn)
Jewellery
 s - a ring of positive energy (left hand)
Scrolls
 f - a scroll of enchant armour {unknown}
 h - a scroll of poison {unknown}
 l - a scroll of acquirement {unknown}
 n - a scroll of blinking {unknown}
 p - a scroll of torment {unknown}
 q - a scroll of vulnerability {unknown}
 u - a scroll of silence {unknown}
 w - a scroll of noise {unknown}
 y - a scroll of teleportation {unknown}
 z - a scroll of identify
Potions
 e - a potion of might
 g - a potion of haste
 i - 2 potions of mutation
 j - 2 potions of attraction {unknown}
 k - 2 potions of magic
 o - 2 potions of ambrosia {unknown}
 r - a potion of degeneration {unknown}
 t - a potion of experience {unknown}
 v - a potion of heal wounds {unknown}


   Skills:
 + Level 5.6 Fighting
 + Level 7.1 Long Blades
 + Level 6.4 Armour
 + Level 2.0 Dodging
 + Level 0.9 Stealth
 + Level 6.7 Shields


You had 7 spell levels left.
You didn't know any spells.
Your spell library contained the following spells:

 Spells                   Type           Power      Damage    Failure   Level
 Lesser Beckoning         Tloc           0%         N/A       100%        2
 Gell's Gravitas          Tloc           0%         N/A       100%        3
 Teleport Other           Tloc           0%         N/A       100%        3
 Animate Dead             Necr           0%         N/A       100%        4
 Haunt                    Necr/Summ      0%         N/A       100%        7
 Infestation              Necr           0%         N/A       100%        8


Dungeon Overview and Level Annotations

Branches:
Dungeon (6/15)             Temple (1/1) D:4

Altars:
Ashenzari
Cheibriados
Dithmenos
Elyvilon
Fedhas
Hepliaklqana
Kikubaaqudgha
Makhleb
Nemelex Xobeh
Ru
Sif Muna
Trog
Wu Jian
Xom


Innate Abilities, Weirdness & Mutations

You have a pair of horns on your head.
You reflexively headbutt those who attack you in melee.


Message History

You hear some strange, mumbled words.
Something tries to affect you, but you resist.
You block the orc wizard's attack. You block the orc warrior's attack.
You hit the orc wizard but do no damage.
Your headbutt misses the orc wizard. Something hits you but does no damage.
The orc wizard casts a spell at you. The puff of flame hits you.
The orc warrior hits you from afar with a +0 glaive!!
You closely miss the orc wizard. You headbutt the orc wizard!
The orc wizard is heavily wounded.
Something hits you but does no damage. The orc warrior barely misses you.
The orc wizard hits you but does no damage.
The orc warrior hits you from afar with a +0 glaive.
Something hits you but does no damage.
You hit the orc wizard.
The orc wizard is almost dead.
Something hits you but does no damage. You block the orc warrior's attack.
The orc priest looks encouraged for a moment.
The orc wizard points at you and mumbles some strange words.
The magic dart hits you.
* * * LOW HITPOINT WARNING * * *
Something hits you but does no damage.
The orc priest mumbles some strange prayers to Beogh against you.
Something writhes in agony!
Reactivating autopickup.
An orc comes into view. It is wielding a +0 club.
The orc priest invokes the aid of Beogh against you.
Beogh smites you!
* * * LOW HITPOINT WARNING * * *
The orc shouts!
The orc wizard attacks as you move away!
The orc wizard hits you but does no damage.
The orc wizard points at you and mumbles some strange words.
The puff of flame hits you.
* * * LOW HITPOINT WARNING * * *
You see here a +0 ring mail.
It was a potion of magic.
Magic courses through your body.
The orc priest mumbles some strange prayers to Beogh against you.
Beogh smites you!
You die...

#....###.§§..#......... ####
###..>.##..§§.##........
....##.............##...)....
....g...........#..##........
...§................#........
.g.#.........................
...##...(..##................
...........#.................
.#..........@....##..........
##..........oo..##..........
................#.........#.
..###...........o.....##...##
.# ...........#o.....##.....
......!.....##..##..##....
...#.........##.#.#........
.....[....#.)#..........
......#.###.....##...


You could see an orc warrior, an orc priest, an orc wizard and an orc.

Vanquished Creatures
  2 water moccasins (D:5)
  A black bear (D:4)
  10 hounds
  A gnoll bouda (D:6)
  An orc priest (D:6)
  4 iguanas
  2 orc wizards
  9 gnolls
  9 adders
  A white imp (D:6)
  2 ufetubi
  A worm (D:4)
  5 dart slugs
  14 orcs
  5 ball pythons
  4 bats
  9 endoplasms
  2 giant cockroaches
  6 goblins
  9 hobgoblins
  14 jackals
  7 kobolds
  7 quokkas
  5 frilled lizards
  13 rats
143 creatures vanquished.

Vanquished Creatures (others)
  An orc wizard (D:6)
1 creature vanquished.

Grand Total: 144 creatures vanquished

Notes
Turn   | Place    | Note
-------+----------+-------------------------------------------
     0 | D:1      | Peloso the Minotaur Fighter began the quest for the Orb.
     0 | D:1      | Reached XP level 1. HP: 19/19 MP: 0/0
    99 | D:1      | Reached XP level 2. HP: 27/27 MP: 1/1
   373 | D:1      | Found a faded altar of an unknown god.
  1023 | D:2      | Reached XP level 3. HP: 33/33 MP: 2/2
  1045 | D:2      | Reached skill level 3 in Long Blades
  1360 | D:2      | Reached XP level 4. HP: 28/41 MP: 3/3
  1473 | D:2      | Reached skill level 4 in Long Blades
  2286 | D:3      | Found an ornate altar of the Wu Jian Council.
  2354 | D:3      | Found a bloodstained altar of Trog.
  2359 | D:3      | Reached XP level 5. HP: 47/47 MP: 4/4
  2413 | D:3      | Found a burning altar of Makhleb.
  2413 | D:3      | Noticed a cacodemon
  2870 | D:4      | Reached skill level 5 in Shields
  2915 | D:4      | Reached skill level 5 in Long Blades
  2978 | D:4      | Noticed a black bear
  2992 | D:4      | Killed a black bear
  2993 | D:4      | Reached XP level 6. HP: 24/53 MP: 5/5
  3110 | D:4      | Found a staircase to the Ecumenical Temple.
  3392 | Temple   | Entered the Ecumenical Temple
  3755 | D:4      | Reached skill level 1 in Dodging
  4186 | D:5      | Entered Level 5 of the Dungeon
  4249 | D:5      | Noticed a water moccasin
  4274 | D:5      | Killed a water moccasin
  4275 | D:5      | Reached skill level 5 in Armour
  4468 | D:5      | Reached XP level 7. HP: 54/60 MP: 6/6
  4485 | D:5      | Reached skill level 5 in Fighting
  4485 | D:5      | Reached skill level 6 in Long Blades
  5202 | D:5      | Found a shimmering blue altar of Sif Muna.
  5708 | D:6      | Reached XP level 8. HP: 62/68 MP: 7/7
  5713 | D:6      | Reached skill level 7 in Long Blades
  6144 | D:6      | Killed from afar by an orc priest

Illustrated notes

Levels and vault maps discovered:
D:1:      lightli_arrival_quake, layout_basic, basic_ecumenical_altar,
          serial_rivers, chequers_serial_rivers_small_b,
          chequers_serial_rivers_large_a, chequers_serial_rivers_micro_d,
          chequers_serial_rivers_micro_c, chequers_serial_rivers_large_b,
          chequers_serial_rivers_micro_d
D:2:      layout_basic, grunt_ministairs_10
D:3:      layout_loops_ring, makhleb_altar_promises_db, trog_butcher_becter,
          nicolae_wu_jian_immortal_techniques
D:4:      layout_basic, temple_doors_ab, kennysheep_donut,
          kennysheep_generic_room_4
D:5:      layout_basic, mainiacjoe_overflow_alcove_4
D:6:      layout_cave_pools, old_standard_altar, okawaru_gym_becter,
          serial_demonic, serial_demonic_g, serial_demonic_g, serial_demonic_a,
          serial_demonic_c, serial_demonic_g
Temple:   dpeg_chambers_temple

Skill      XL: |  1  2  3  4  5  6  7  8 |
---------------+-------------------------+-----
Armour         | 4 5 6 |  6.4
Fighting       | 4 5 |  5.6
Shields        | 4 5 6 |  6.7
Long Blades    | 3 4 5 6 7 |  7.1
Dodging        | 1 2 |  2.0
Stealth        | |  0.9

Action                     |  1- 3 |  4- 6 |  7- 9 || total
---------------------------+-------+-------+-------++-------
  Melee: Long sword        |    89 |   193 |   143 ||   425
         Headbutt          |    13 |    28 |    32 ||    73
    Use: Scroll            |       |     1 |     3 ||     4
         Potion            |       |     1 |     1 ||     2
 Armour: Scale mail        |    40 |    94 |    27 ||   161
         Chain mail        |       |       |    45 ||    45
  Dodge: Dodged            |    34 |    65 |    72 ||   171
  Block: Kite shield       |    52 |   121 |   136 ||   309
